 Dungeon Crawl Stone Soup version 0.30-a0-297-g0ec75d9ef4 (webtiles) character file.

Game seed: 17896016194999466438

411 Bnni the Slasher (level 7, -1/56 HPs)
             Began as a Formicid Fighter on Oct 18, 2022.
             Was an Initiate of Okawaru.
             Killed by divine providence
             ... invoked by an orc priest
              (13 damage)
             ... on level 5 of the Dungeon.
             The game lasted 00:05:39 (3251 turns).

Bnni the Slasher (Formicid Fighter)                 Turns: 3251, Time: 00:05:40

Health: -1/56      AC: 18    Str: 20    XL:     7   Next: 14%
Magic:  8/8        EV:  9    Int:  8    God:    Okawaru [......]
Gold:   241        SH:  5    Dex: 15    Spells: 6/6 levels left

rFire   . . .      SeeInvis +    c - +1 falchion (protect)
rCold   . . .      Faith    .    f - +0 buckler
rNeg    . . .      Spirit   .    b - +0 scale mail
rPois   +          Reflect  .    (helmet unavailable)
rElec   .          Harm     .    (no cloak)
rCorr   .          Rampage  .    r - +2 pair of gloves
Will    .....                    s - +0 pair of boots
Stlth   ..........               (no amulet)
HPRegen 0.29/turn                h - ring of poison resistance
MPRegen 0.11/turn                (no ring)

@: under a protective aura
A: permanent stasis, dig shafts and tunnels, antennae 3, four strong arms
a: Dig, Shaft Self, Renounce Religion


You were on level 5 of the Dungeon.
You worshipped Okawaru.
Okawaru was noncommittal.
You visited 1 branch of the dungeon, and saw 5 of its levels.

You collected 241 gold pieces.

Inventory:

Hand Weapons
 a - a +0 long sword
 c - a +1 falchion of protection (weapon)
Armour
 b - a +0 scale mail (worn)
 f - a +0 buckler (worn)
 r - a +2 pair of gloves (worn)
 s - a +0 pair of boots (worn)
Jewellery
 h - a ring of poison resistance (left hand)
Scrolls
 e - a scroll of enchant weapon {unknown}
 g - 2 scrolls of teleportation {unknown}
 j - 4 scrolls of blinking {unknown}
 k - a scroll of noise {unknown}
 n - 2 scrolls of immolation {unknown}
 p - a scroll of brand weapon {unknown}
 t - a scroll of summoning {unknown}
 u - a scroll of fog {unknown}
Potions
 d - 3 potions of might
 i - a potion of mutation
 l - 2 potions of heal wounds
 m - a potion of flight
 o - a potion of curing
 q - 3 potions of cancellation
 v - a potion of lignification {unknown}


   Skills:
 + Level 5.0 Fighting
 * Level 5.3 Long Blades
 - Level 3.2 Armour
 - Level 5.0 Shields
 + Level 2.3 Invocations


You had 6 spell levels left.
You didn't know any spells.
Your spell library contained the following spells:

 Spells                   Type           Power      Damage    Failure   Level
 Cigotuvi's Dreadful Rot  Necr/Pois/Air  0%         N/A       92%         2
 Dispel Undead            Necr           0%         3d6       100%        4
 Death Channel            Necr           Unusable   N/A       N/A         6

Dungeon Overview and Level Annotations

Branches:
Dungeon (5/15)
 Temple: D:4-7

Altars:
Hepliaklqana
Okawaru

Shops:
D:1 :

Annotations:
D:5 Grinder


Innate Abilities, Weirdness & Mutations

You cannot be hasted, slowed, berserked, paralysed or teleported.
You can dig through walls and to a lower floor.
You have a pair of large antennae on your head. (SInv)
Your four strong arms can wield two-handed weapons with a shield.


Message History

The orc priest is moderately wounded.
The orc priest completely misses you.
You closely miss the orc priest.
The orc priest is moderately wounded.
The orc priest hits you with a +0 trident.
You hit the orc priest.
The orc priest is severely wounded.
Grinder says, "Don't move a muscle."
The orc priest invokes the aid of Beogh against you.
Beogh smites you!
You hit the orc priest.
The orc priest is almost dead.
The orc priest hits you but does no damage.
You closely miss the orc priest.
The orc priest is almost dead.
You block the orc priest's attack.
You hit the orc priest but do no damage.
The orc priest is almost dead.
The orc priest mumbles some strange prayers to Beogh against you.
Beogh smites you!
An orc priest comes into view. It is wielding a +0 flail.
You are too injured to fight recklessly!
You are too injured to fight recklessly!
You closely miss the orc priest.
The orc priest is almost dead.
The orc priest mumbles some strange prayers to Beogh against you.
You struggle to resist.
You closely miss the orc priest.
The orc priest is almost dead.
The orc priest invokes the aid of Beogh against you.
Beogh smites you!
* * * LOW HITPOINT WARNING * * *
The orc priest hits you with a +0 trident.
* * * LOW HITPOINT WARNING * * *
You closely miss the orc priest.
The orc priest is almost dead.
The orc priest hits you but does no damage.
The orc priest invokes the aid of Beogh against you.
Beogh smites you!
You die...

8# .o### ######## .#.. #......#
..####### #......## { {#........
#.......# #.# #.......## ###
###.#######.....
#>.......###.###oo.5............
#...........###@##.###..........
#........#...##.##.# #..........
#........#.#..#.##.# #..........
#........#......##.###..........
#.#.####.#.###...........#......
#.#.# #.#......................
#.#.# #.....##.###.##..........
#.#.####.....##.###.###.###.#)..
##......................<.......


You could see Grinder, an orc priest and an orc.

Vanquished Creatures
  2 phantoms (D:3)
  2 iguanas
  4 gnolls (D:2)
  6 adders
  A worm (D:4)
  4 dart slugs
  19 orcs
  11 bats
  6 endoplasms
  2 giant cockroaches (D:4)
  4 hobgoblins
  4 kobolds
  4 quokkas
  6 ball pythons
  2 frilled lizards
  10 goblins
  2 rats
89 creatures vanquished.

Vanquished Creatures (others)
  2 fungi (D:4)
2 creatures vanquished.

Grand Total: 91 creatures vanquished

Notes
Turn   | Place    | Note
-------+----------+-------------------------------------------
     0 | D:1      | Bnni the Formicid Fighter began the quest for the Orb.
     0 | D:1      | Reached XP level 1. HP: 18/18 MP: 1/1
   302 | D:1      | Reached XP level 2. HP: 24/24 MP: 2/2
   502 | D:1      | Found Wuzed's Vocational Training.
   665 | D:1      | Reached XP level 3. HP: 26/29 MP: 3/3
   914 | D:2      | Reached XP level 4. HP: 26/37 MP: 4/4
  1263 | D:2      | Reached XP level 5. HP: 17/42 MP: 5/5
  1524 | D:3      | Reached skill level 5 in Shields
  2106 | D:3      | Found an iron altar of Okawaru.
  2118 | D:3      | Became a worshipper of Warmaster Okawaru
  2485 | D:4      | Noticed a phantom
  2487 | D:4      | Noticed a phantom
  2525 | D:3      | Killed a phantom
  2526 | D:3      | Reached skill level 1 in Invocations
  2526 | D:3      | Reached XP level 6. HP: 42/49 MP: 6/6
  2544 | D:3      | Reached skill level 5 in Long Blades
  2775 | D:4      | Found a hazy altar of Hepliaklqana.
  2926 | D:4      | Reached XP level 7. HP: 42/55 MP: 8/8
  3101 | D:5      | Entered Level 5 of the Dungeon
  3217 | D:5      | Reached skill level 5 in Fighting
  3227 | D:5      | Noticed Grinder
  3251 | D:5      | Killed from afar by an orc priest

Illustrated notes

Levels and vault maps discovered:
D:1:      sevenhm_arrival_forest_fort_large_4, layout_rooms,
          nicolae_shop_vocational
D:2:      layout_rooms, minmay_misc_feat_roman, minmay_cupped
D:3:      layout_basic, mainiacjoe_overflow_catwalk
D:4:      layout_cave_pools, mainiacjoe_overflow_chevrons, serial_glass,
          glass_columns_b, glass_columns_c, glass_columns_a, glass_columns_b,
          glass_columns_a, glass_columns_a, minmay_misc_feat_diagonals,
          st_stairs_13, columned_hall_lemuel, hangedman_abyss_or_decor_stagger
D:5:      layout_basic, lemuel_temple_firewalk_a, pf_guarded_unrand_meek,
          uniq_grinder

Skill      XL: |  1  2  3  4  5  6  7 |
---------------+----------------------+-----
Long Blades    | 3 4 5 |  5.3
Fighting       | 4 5 |  5.0
Shields        | 5 |  5.0
Invocations    | 1 2 |  2.3
Armour         | |  3.2

Action                   |  1- 3 |  4- 6 |  7- 9 || total
-------------------------+-------+-------+-------++-------
Melee: Long sword        |    98 |    85 |       ||   183
       Falchion          |       |   178 |    32 ||   210
  Use: Scroll            |       |     3 |     3 ||     6
Armor: Scale mail        |    77 |   132 |    14 ||   223
Dodge: Dodged            |    52 |   100 |    10 ||   162
Block: Buckler           |    33 |    66 |     4 ||   103

Table legend: (Time is in decaauts)
 A = Elapsed time spent in this place.
 B = Non-inter-level travel time spent in this place.
 C = Inter-level travel time spent in this place.
 D = Time resting spent in this place.
 E = Time spent auto-exploring this place.
 F = Levels seen in this place.
 G = Mean time per level.
                   A        B        C        D        E       F      G
               +--------+--------+--------+--------+--------+-----+--------+
         Total |   3322 |   3207 |    115 |      5 |   2280 |   5 |  664.4 |
       Dungeon |   3322 |   3207 |    115 |      5 |   2280 |   5 |  664.4 |
               +--------+--------+--------+--------+--------+-----+--------+

Top non-repeatable levels by time:
     D:3: 886 daAuts
     D:2: 782 daAuts
     D:1: 774 daAuts
     D:4: 727 daAuts
     D:5: 152 daAuts
